 Dungeon Crawl Stone Soup version 0.21-a0-122-g43b3ea6 (webtiles) character file.

11 Leszczynek the Ruffian (level 2, -1/27 HPs)
             Began as an Ogre Transmuter on July 14, 2017.
             Slain by a hobgoblin
             ... wielding a +0 club
              (3 damage)
             ... on level 1 of the Dungeon.
             The game lasted 00:01:36 (279 turns).

Leszczynek the Ruffian (Ogre Transmuter)             Turns: 279, Time: 00:01:37

Health: -1/27      AC:  3    Str: 13    XL:     2   Next: 25%
Magic:  4/5        EV: 10    Int: 14    God:
Gold:   0          SH:  0    Dex:  9    Spells: 4/5 levels left

rFire    . . .     SeeInvis .   i - +0 hand axe
rCold    . . .     Gourm    .   (no shield)
rNeg     . . .     Faith    .   b - +0 robe
rPois    .         Spirit   .   (helmet restricted)
rElec    .         Reflect  .   (no cloak)
rCorr    .         Harm     .   (gloves unavailable)
MR       .....                  (boots unavailable)
Stlth    +.........             (no amulet)
HPRegen  0.09/turn              (no ring)
MPRegen  0.09/turn              (no ring)

@: appendage
A: unfitting armour, talons 3, tough skin 1
a: End Transformation


You were on level 1 of the Dungeon.
You were not hungry.
You had grown temporary talons.
You visited 1 branch of the dungeon, and saw 1 of its levels.

Inventory:

Hand Weapons
 i - a +0 hand axe (weapon)
Missiles
 a - 12 arrows
Armour
 b - a +0 robe (worn)
Scrolls
 e - a scroll of remove curse {unknown}
Books
 c - a book of Changes

   Spells                             Type                      Level
   a - Beastly Appendage              Transmutation                1
   b - Sticks to Snakes               Transmutation                2
   c - Spider Form                    Transmutation/Poison         3
   d - Ice Form                       Ice/Transmutation            4
   e - Blade Hands                    Transmutation                5
Comestibles
 d - a bread ration
 f - a meat ration
 g - 8 chunks of flesh
 h - 3 fruits


   Skills:
 - Level 1.3 Fighting
 - Level 1.7 Dodging
 - Level 2.6 Unarmed Combat
 - Level 2.4 Spellcasting
 + Level 2.5 Transmutations


You had 4 spell levels left.
You knew the following spells:

 Your Spells              Type           Power        Failure   Level  Hunger
a - Beastly Appendage     Tmut           #.....       8%          1    #......


Dungeon Overview and Level Annotations

Branches:
Dungeon (1/15)

Altars:


Innate Abilities, Weirdness & Mutations

You are too large for most types of armour.
You have tough skin. (AC +1)
You have claws for feet.


Message History

i - a hand axe Wield which item (- for none, * to show all)? (? for menu, Esc to quit)
i - a +0 hand axe (weapon)
A hobgoblin comes into view. It is wielding a club.
The hobgoblin shouts!
Unknown command.
You barely miss the hobgoblin. The hobgoblin hits you with a club.
You hit the hobgoblin but do no damage. The hobgoblin hits you with a club.
You closely miss the hobgoblin. The hobgoblin hits you with a club.
Casting: Beastly Appendage
Confirm with . or Enter, or press ? or * to list all spells.
Your feet morph into talons.
The hobgoblin hits you with a club.
Unknown command.
You closely miss the hobgoblin. Your kick misses the hobgoblin.
The hobgoblin hits you but does no damage.
You hit the hobgoblin but do no damage. Your kick misses the hobgoblin.
The hobgoblin hits you with a club.
* * * LOW HITPOINT WARNING * * *
The hobgoblin hits you with a club.
You die...

## #.##..# #.. #.# ..# #.#
#.# ..# #.# #.# #.# ... #.#
# #.# #.# #.# #.#
#.##.###.# #.# #.#
#.#...##.###.####### #.#
#........@g........#
##.#######.....##########.#
............#..#
.....########..#
..#..########..#
.###...........#
..#..########.## ##.### #.#
###


You could see a hobgoblin.

Vanquished Creatures
  2 bats (D:1)
  A hobgoblin (D:1)
  3 jackals (D:1)
  2 frilled lizards (D:1)
  A goblin (D:1)
  2 rats (D:1)
11 creatures vanquished.

Notes
Turn   | Place    | Note
-------+----------+-------------------------------------------
     0 | D:1      | Leszczynek the Ogre Transmuter began the quest for the Orb.
     0 | D:1      | Reached XP level 1. HP: 19/19 MP: 3/3
    55 | D:1      | Reached skill level 2 in Transmutations
    87 | D:1      | Reached XP level 2. HP: 25/27 MP: 3/5
   279 | D:1      | HP: 2/27 [hobgoblin/club (6)]
   279 | D:1      | Slain by a hobgoblin

Vault maps used:
D:1:      kilobyte_arrival_exit_the_forest

Skill      XL: |  1 |
---------------+----+-----
Transmutations | 2 |  2.5
Fighting       | |  1.3
Dodging        | |  1.7
Unarmed Combat | |  2.6
Spellcasting   | |  2.4

Action                   || total
-------------------------++-------
Melee: Unarmed           ||    38
       Headbutt          ||     3
       Hand axe          ||     5
 Cast: Beastly Appendage ||     7
Armor: Robe              ||    13
Dodge: Dodged            ||    19
